 Dungeon Crawl Stone Soup version 0.29.1-15-g9cfb28693d (webtiles) character file.

Game seed: 5776412021294672182

139750 McKennaii the Gelid (level 16, -12/105 HPs)
             Began as a Demigod Ice Elementalist on Feb 26, 2023.
             Mangled by a salamander
             ... wielding a +0 trident
              (14 damage)
             ... on level 2 of the Snake Pit.
             The game lasted 01:32:43 (35618 turns).

McKennaii the Gelid (Demigod Ice Elementalist)     Turns: 35618, Time: 01:32:44

Health: -12/105    AC: 13    Str: 12    XL:     16   Next: 23%
Magic:  24/49      EV: 12    Int: 46    God:
Gold:   1527       SH:  0    Dex: 14    Spells: 5/45 levels left

rFire   . . .      SeeInvis .   N - +5 trident
rCold   + . .      Faith    .   (no shield)
rNeg    + . .      Spirit   .   a - +2 robe {Will+}
rPois   .          Reflect  .   X - +2 helmet {Int+3}
rElec   .          Harm     .   o - +2 cloak "Nufueroo" {rN+ Str+3}
rCorr   .          Rampage  .   v - +1 pair of gloves
Will    ++...                   M - +0 pair of boots
Stlth   ++........              S - amulet of magic regeneration
HPRegen 0.27/turn               j - ring of magical power
MPRegen 0.71/turn               E - +6 ring of intelligence

@: no status effects
A: high MP 1, forlorn, divine attributes, cold resistance 1
a: no special abilities


You were on level 2 of the Snake Pit.
You visited 4 branches of the dungeon, and saw 21 of its levels.
You also visited: Bailey, Gauntlet and Volcano.

You collected 2389 gold pieces.
You spent 862 gold pieces at shops.

Inventory:

Hand Weapons
 N - a +5 trident (weapon)
Armour
 a - a +2 robe of willpower (worn)
 o - the +2 cloak "Nufueroo" (worn) {rN+ Str+3}
   (You found it in a Gauntlet)

   Str:       It affects your strength (+3).
   rN:        It protects you from negative energy.
 v - a +1 pair of gloves (worn)
 M - a +0 pair of boots (worn)
 P - the +6 chain mail of Inevitability {rN++ Will+ Str+3}
   (You found it on level 10 of the Dungeon)

   Str:       It affects your strength (+3).
   rN:        It greatly protects you from negative energy.
   Will:      It increases your willpower.
 T - +0 steam dragon scales
 X - a +2 helmet of intelligence (worn)
Jewellery
 d - a ring of protection from fire
 i - a ring of flight
 j - a ring of magical power (left hand)
 B - a +6 ring of strength
 E - a +6 ring of intelligence (right hand)
 I - a ring of willpower
 S - an amulet of magic regeneration (around neck)
 V - a ring of resist corrosion
Wands
 x - a wand of iceblast (5)
 y - a wand of light (2)
 A - a wand of charming (21)
 F - a wand of mindburst (6)
 O - a wand of flame (21)
 W - a wand of polymorph (4)
Scrolls
 c - 2 scrolls of enchant armour
 h - 2 scrolls of magic mapping
 k - a scroll of blinking
 m - 2 scrolls of poison
 n - 2 scrolls of butterflies
 p - 3 scrolls of teleportation
 r - 4 scrolls of vulnerability
 z - a scroll of fear
 C - 2 scrolls of torment
 D - 2 scrolls of summoning
 H - 6 scrolls of enchant weapon
 Q - 3 scrolls of amnesia
Potions
 b - 4 potions of magic
 e - 11 potions of curing
 f - 2 potions of lignification
 g - 9 potions of mutation
 l - 4 potions of might
 q - 2 potions of brilliance
 s - 3 potions of invisibility
 t - 4 potions of haste
 u - 6 potions of heal wounds
 w - 3 potions of ambrosia
 G - 5 potions of cancellation
 J - a potion of experience
 K - 4 potions of attraction {unknown}
 L - 4 potions of flight {unknown}
 R - 2 potions of resistance


   Skills:
 - Level 1.7 Dodging
 - Level 1.7 Stealth
 + Level 15.1 Spellcasting
 + Level 7.6 Conjurations
 + Level 17.0 Ice Magic
 + Level 10.6 Air Magic
 + Level 3.2 Earth Magic


You had 5 spell levels left.
You knew the following spells:

 Your Spells              Type           Power      Damage    Failure   Level
a - Freeze                Ice            100%       1d11      0%          1
b - Frozen Ramparts       Ice            100%       1d16      0%          3
c - Ozocubu's Armour      Ice            100%       N/A       0%          3
d - Hailstorm             Conj/Ice       99%        3d19      1%          4
e - Lightning Bolt        Conj/Air       43%        1d63      1%          5
f - Swiftness             Air            93%        N/A       1%          3
g - Ozocubu's Refrigerat  Ice            56%        4d20      1%          7
h - Iron Shot             Conj/Erth      35%        9d7       12%         6
i - Maxwell's Capacitive  Air            46%        ∞         50%         8

Your spell library contained the following spells:

 Spells                   Type           Power      Damage    Failure   Level
 Apportation              Tloc           68%        N/A       1%          1
 Beastly Appendage        Tmut           68%        N/A       1%          1
 Ensorcelled Hibernation  Hex/Ice        100%       N/A       1%          2
 Passwall                 Tmut/Erth      40%        N/A       1%          2
 Static Discharge         Conj/Air       87%        3-14/arc  1%          2
 Wereblood                Tmut           34%        N/A       1%          2
 Call Canine Familiar     Summ           34%        N/A       1%          3
 Conjure Flame            Conj/Fire      63%        6-21      1%          3
 Ignite Poison            Fire/Tmut/Pois 34%        N/A       1%          3
 Spider Form              Tmut/Pois      34%        N/A       1%          3
 Sticky Flame             Conj/Fire      63%        2d8       1%          4
 Summon Lightning Spire   Summ/Air       71%        N/A       1%          4
 Animate Armour           Summ/Erth      98%        N/A       3%          4
 Animate Dead             Necr           34%        N/A       7%          4
 Olgreb's Toxic Radiance  Pois           34%        N/A       7%          4
 Alistair's Intoxication  Tmut/Pois      22%        N/A       19%         5
 Blade Hands              Tmut           17%        N/A       19%         5
 Summon Mana Viper        Hex/Summ       34%        N/A       19%         5
 Borgnjor's Revivificati  Necr           17%        N/A       100%        8
 Ignition                 Fire           17%        3d7       100%        8
 Necromutation            Tmut/Necr      17%        N/A       100%        8


Dungeon Overview and Level Annotations

Branches:
Dungeon (12/15)            Temple (0/1) D:6            Lair (5/5) D:11
  Swamp (0/4) Lair:3        Snake (2/4) Lair:2        Slime (0/5) Lair:4
    Orc (2/2) D:11            Elf (0/3) Orc:2        Bailey (visited)
Volcano (visited)         Gauntlet (visited)

Shops:
Orc:2 [*=(   Snake:1 :

Portals:
Hell: Lair:5


Innate Abilities, Weirdness & Mutations

You have an increased reservoir of magic. (+10% MP)
You shall have no god before yourself.
Your divine heritage dramatically boosts your attributes as you level up.
Your flesh is cold resistant. (rC+)


Message History

The bolt closely misses you.
Unknown command.
Casting: Hailstorm (safe; 1% risk of failure)
Confirm with . or Enter, or press ? or * to list all spells.
Casting: Hailstorm (safe; 1% risk of failure)
Press: ? - help, Dir - look around, f - activate A cannonade of hail descends around you!
The hail pelts the salamander!!
The salamander is frozen!
You kill the salamander!
The naga sharpshooter shoots a bolt.
The bolt hits you!
Unknown command.
Unknown command.
Casting: Hailstorm (safe; 1% risk of failure)
Confirm with . or Enter, or press ? or * to list all spells.
Casting: Hailstorm (safe; 1% risk of failure)
Press: ? - help, Dir - look around, f - activate A cannonade of hail descends around you!
The hail pelts the salamander mystic!!
The salamander mystic is frozen!
The salamander mystic is heavily wounded.
The naga sharpshooter gestures wildly while chanting.
The naga sharpshooter magically shoots a bolt.
The bolt hits you!!
The salamander mystic gestures at you while chanting.
The lance of force hits you!
* * * LOW HITPOINT WARNING * * *
You are knocked back by the lance of force.
You slam into the rock wall!
* * * LOW HITPOINT WARNING * * *
A naga sharpshooter comes into view. It is wielding a +0 hand axe.
Unknown command.
Blink to where?
Press: ? - help, Dir - move target 2 salamanders come into view.
As you read the scroll of blinking, it crumbles to dust.
The salamander mystic casts a spell at the salamander.
The salamander seems to speed up.
The salamander hits you with a +0 trident.
* * * LOW HITPOINT WARNING * * *
You are engulfed in flames!
You die...

#.# #.# #.# #.. .##
#####.###.#
..##........##
#...........#
#...........## #
#............# .#
#............#..##
#......@N....#....
#)................
#.......N........
#............#..
#.........<.###. ..
##.)N.....###
#...#####..#......†...
#...#§#####..####...
###)## #.## ..#


You could see a salamander mystic and 2 salamanders.

Vanquished Creatures
  Gastronok (Lair:2)
  3 orc warlords
  A minotaur (Gauntlet)
  Nessos (Lair:5)
  A dire elephant (Lair:5)
  A fire dragon (Volcano)
  2 boulder beetles
  5 hydras
  A catoblepas (Gauntlet)
  2 two-headed ogres (D:12)
  2 anacondas (Snake:1)
  3 naga warriors
  A tengu warrior (D:12)
  2 shock serpents (Snake:1)
  3 naga sharpshooters
  3 orc high priests (Orc:1)
  Sonja (D:11)
  Amaemon (Lair:1)
  2 salamander mystics
  4 sun demons
  2 sixfirhies (Gauntlet)
  A bog body (Lair:3)
  Pikel (D:5)
  3 naga ritualists
  2 orc knights
  A lindwurm (Lair:4)
  A wizard (Lair:5)
  2 deep elf pyromancers
  6 orc sorcerers
  6 mana vipers
  A cyclops (D:12)
  7 salamanders
  A manticore (D:11)
  An oklob plant (Lair:2)
  9 elephants
  9 cane toads
  18 black mambas
  5 naga magi
  A guardian serpent (Snake:1)
  3 smoke demons
  2 orange demons
  An unseen horror (D:11)
  2 gargoyles (Gauntlet)
  9 rime drakes
  Maggie (Lair:2)
  2 kobold demonologists
  4 ice devils (Lair:5)
  An efreet (D:12)
  A tengu conjurer (D:12)
  4 komodo dragons
  10 trolls
  4 hornets
  4 polar bears
  Prince Ribbit (D:8)
  3 slime creatures (Gauntlet)
  20 blink frogs
  A shadow (D:9)
  A water elemental (D:11)
  4 wyverns
  4 humans (D:6)
  A fire elemental (Lair:3)
  2 fire bats (Lair:3)
  A wraith (D:12)
  12 vampire mosquitoes (D:12)
  A basilisk (Lair:3)
  58 yaks
  15 steam dragons
  4 wargs
  18 nagas
  4 acid dragons
  5 hell hounds
  5 swamp worms (Lair:3)
  Duvessa (D:5)
  16 water moccasins
  38 orc warriors
  An ice beast (D:7)
  2 sky beasts (D:7)
  6 black bears
  A hornet zombie (D:7)
  10 centaurs
  4 ogres
  9 wolves
  2 lemures (D:5)
  3 phantoms
  A kobold brigand (D:7)
  19 bullfrogs
  2 scorpions (D:5)
  A gnoll sergeant (D:5)
  A water moccasin zombie (D:7)
  24 wights
  Dowan (D:5)
  10 killer bees
  2 howler monkeys
  2 electric eels
  A lava snake (Lair:2)
  2 bullfrog zombies (D:7)
  13 orc priests
  9 hounds
  4 jellies
  2 gnoll boudas
  3 iguanas
  Ijyb (D:3)
  21 orc wizards
  A killer bee zombie (D:7)
  Robin (D:2)
  2 howler monkey zombies (D:7)
  5 adders
  25 gnolls
  A white imp (D:6)
  An ufetubus (D:5)
  4 worms
  4 dart slugs
  67 orcs
  2 endoplasms
  5 giant cockroaches
  17 goblins
  18 hobgoblins
  6 jackals (D:1)
  4 quokkas
  7 ball pythons
  9 bats
  3 frilled lizards (D:1)
  8 kobolds
  7 rats
734 creatures vanquished.

Vanquished Creatures (others)
  47 fungi
  84 plants
  4 withered plants (D:7)
135 creatures vanquished.

Grand Total: 869 creatures vanquished

Notes
Turn   | Place    | Note
-------+----------+-------------------------------------------
     0 | D:1      | McKennaii the Demigod Ice Elementalist began the quest for
                  | the Orb.
     0 | D:1      | Reached XP level 1. HP: 14/14 MP: 5/5
   349 | D:1      | Reached XP level 2. HP: 18/20 MP: 3/7
   491 | D:1      | Reached skill level 4 in Ice Magic
  1374 | D:2      | Reached XP level 3. HP: 26/26 MP: 7/9
  1676 | D:2      | Learned a level 3 spell: Frozen Ramparts
  1680 | D:2      | Learned a level 3 spell: Ozocubu's Armour
  2013 | D:2      | Reached XP level 4. HP: 22/33 MP: 7/11
  2466 | D:2      | Noticed Robin
  2474 | D:2      | Killed Robin
  2788 | D:2      | Reached XP level 5. HP: 37/38 MP: 13/13
  2896 | D:3      | Noticed Ijyb
  2903 | D:3      | Killed Ijyb
  2904 | D:3      | Reached skill level 5 in Ice Magic
  3569 | D:4      | Learned a level 4 spell: Hailstorm
  4310 | D:5      | Entered Level 5 of the Dungeon
  4330 | D:4      | Reached XP level 6. HP: 31/45 MP: 7/15
  4841 | D:5      | Reached skill level 6 in Ice Magic
  4841 | D:5      | Noticed a hornet
  4846 | D:5      | Paralysed by a hornet for 1 turns
  4850 | D:5      | Killed a hornet
  4851 | D:5      | Reached skill level 5 in Spellcasting
  4851 | D:5      | Reached XP level 7. HP: 21/50 MP: 1/18
  5082 | D:5      | Noticed Dowan
  5086 | D:5      | Killed Dowan
  5088 | D:5      | Noticed Duvessa
  5096 | D:5      | Killed Duvessa
  5284 | D:5      | Noticed Pikel
  5302 | D:5      | Killed Pikel
  5303 | D:5      | Reached skill level 7 in Ice Magic
  5303 | D:5      | Reached XP level 8. HP: 42/57 MP: 12/21
  6366 | D:6      | Reached skill level 8 in Ice Magic
  6677 | D:6      | Found a staircase to the Ecumenical Temple.
  6686 | D:6      | Identified the +0 leather armour of Entitlement {*Corrode
                  | rElec rC+++ rN+}
  7262 | D:6      | Noticed a +0 falchion
  7262 | D:6      | Noticed a +0 falchion
  7262 | D:6      | Noticed a +0 spear
  7263 | D:6      | Noticed a +0 short sword
  7263 | D:6      | Noticed a +0 dagger
  7263 | D:6      | Noticed a +0 spear
  7263 | D:6      | Noticed a +0 dagger
  7264 | D:6      | Noticed a +0 short sword
  7308 | D:6      | Reached skill level 9 in Ice Magic
  7308 | D:6      | Reached XP level 9. HP: 57/62 MP: 24/24
  8408 | D:7      | Reached skill level 10 in Ice Magic
  9126 | D:8      | Identified the +6 falchion of the Beginning {vorpal,
                  | Fragile rF++ rCorr Dex+8}
  9161 | D:8      | Found a flagged portal.
  9200 | Bailey   | Entered a bailey
  9332 | Bailey   | Reached XP level 10. HP: 69/69 MP: 21/27
  9592 | Bailey   | Identified the ring of the Eight Geomancers {rElec rN+
                  | rCorr Str+6 Int+3}
  9598 | Bailey   | Noticed an orc warlord
  9673 | Bailey   | Gained mutation: Your flesh is cold resistant. (rC+)
                  | [potion of mutation]
 10069 | D:8      | Noticed Prince Ribbit
 10082 | D:8      | Killed Prince Ribbit
 10100 | D:8      | Reached skill level 11 in Ice Magic
 10370 | D:8      | Noticed an angel
 10845 | D:9      | Reached skill level 10 in Spellcasting
 11306 | D:10     | Entered Level 10 of the Dungeon
 11465 | D:10     | Identified the +6 chain mail of Inevitability {rN++ Will+
                  | Str+3}
 12066 | D:11     | Reached skill level 12 in Ice Magic
 12070 | D:11     | Reached XP level 11. HP: 40/70 MP: 15/30
 12146 | D:11     | Found a staircase to the Orcish Mines.
 12468 | D:11     | Found a staircase to the Lair.
 12559 | D:11     | Noticed a deep elf pyromancer
 12567 | D:11     | Noticed a boulder beetle
 12567 | D:11     | Killed a deep elf pyromancer
 13141 | D:11     | Killed a boulder beetle
 13449 | D:11     | Noticed Sonja
 13454 | D:11     | Killed Sonja
 13598 | D:12     | Noticed a tengu warrior
 13598 | D:12     | Noticed a four-headed hydra
 13631 | D:11     | Killed a four-headed hydra
 13632 | D:11     | Reached skill level 13 in Ice Magic
 13747 | D:12     | Noticed a two-headed ogre
 13944 | D:12     | Killed a two-headed ogre
 14274 | D:12     | Noticed a two-headed ogre
 14279 | D:12     | Killed a two-headed ogre
 14354 | D:12     | Noticed a deep elf pyromancer
 14366 | D:12     | Killed a deep elf pyromancer
 14588 | D:12     | Reached XP level 12. HP: 81/81 MP: 20/33
 14594 | D:12     | Learned a level 5 spell: Lightning Bolt
 14682 | D:12     | Reached skill level 1 in Air Magic
 15109 | Lair:1   | Entered Level 1 of the Lair of Beasts
 15109 | Lair:1   | Noticed Amaemon
 15125 | Lair:1   | Killed Amaemon
 15419 | Lair:1   | Reached skill level 14 in Ice Magic
 17011 | Lair:2   | Noticed a four-headed hydra
 17021 | Lair:2   | Killed a four-headed hydra
 17046 | Lair:2   | Found a dark tunnel.
 17238 | Volcano  | Entered a volcano
 18049 | Volcano  | Noticed a fire dragon
 18049 | Volcano  | Found the +2 cloak of the Thief {*Fog Slay-2 SInv Stlth+}
 18067 | Volcano  | Killed a fire dragon
 18343 | Lair:2   | Found a staircase to the Snake Pit.
 18386 | Lair:2   | Noticed Gastronok
 18393 | Lair:2   | Killed Gastronok
 18394 | Lair:2   | Reached skill level 5 in Air Magic
 18573 | Lair:2   | Noticed Maggie
 18581 | Lair:2   | Killed Maggie
 19082 | Lair:2   | Reached XP level 13. HP: 85/86 MP: 27/35
 20313 | Lair:2   | HP: 1/86 [black mamba (10)]
 20318 | Lair:2   | Reached skill level 15 in Ice Magic
 20946 | Lair:3   | Found a transporter.
 21076 | Lair:3   | Found a transporter.
 21703 | Lair:3   | Reached skill level 1 in Conjurations
 21823 | Lair:3   | Found a staircase to the Swamp.
 22523 | Lair:4   | Found a gate leading to a gauntlet.
 22542 | Gauntlet | Entered a Gauntlet
 22542 | Gauntlet | Found a transporter.
 22542 | Gauntlet | Found a transporter.
 22542 | Gauntlet | Found a transporter.
 22606 | Gauntlet | Found a transporter.
 22620 | Gauntlet | Found a transporter.
 22621 | Gauntlet | Found a transporter.
 22630 | Gauntlet | Found a transporter.
 22642 | Gauntlet | Noticed an entropy weaver
 22651 | Gauntlet | Found a transporter.
 22668 | Gauntlet | Found a transporter.
 22672 | Gauntlet | Found a transporter.
 22682 | Gauntlet | Found a transporter.
 22686 | Gauntlet | Found a transporter.
 22885 | Gauntlet | Got the Compilation of the Dead and Evolution
 22963 | Gauntlet | Identified the +2 cloak "Nufueroo" {rN+ Str+3}
 23034 | Gauntlet | Noticed a minotaur
 23038 | Gauntlet | Killed a minotaur
 23154 | Gauntlet | Identified the +9 flail of Oenomania {vorpal, Fragile rElec
                  | rC+}
 24039 | Lair:4   | Found a staircase to the Slime Pits.
 24815 | Lair:5   | Entered Level 5 of the Lair of Beasts
 25255 | Lair:5   | Learned a level 3 spell: Swiftness
 25361 | Lair:5   | Reached XP level 14. HP: 93/93 MP: 15/37
 25369 | Lair:5   | Noticed Nessos
 25377 | Lair:5   | Killed Nessos
 25969 | Lair:5   | Found the +4 robe of Folly {Brilliance Will-∞ Int+8}
 26009 | Lair:4   | Reached skill level 5 in Conjurations
 27168 | Lair:5   | Reached skill level 16 in Ice Magic
 27433 | Lair:5   | Found a gateway to Hell.
 27656 | Orc:1    | Entered Level 1 of the Orcish Mines
 27661 | Orc:1    | Noticed an orc warlord
 27664 | Orc:1    | Killed an orc warlord
 28847 | Orc:2    | Entered Level 2 of the Orcish Mines
 29607 | Orc:2    | Noticed an orc warlord
 29613 | Orc:2    | Killed an orc warlord
 30295 | Orc:2    | Found Paremp's Antique Armour Shop.
 30374 | Orc:2    | Found Lann's General Store.
 30383 | Orc:2    | Bought the Unrestrained Analects for 660 gold pieces
 30383 | Orc:2    | Bought a scroll of blinking for 112 gold pieces
 30383 | Orc:2    | Bought a potion of curing for 45 gold pieces
 30383 | Orc:2    | Bought a potion of curing for 45 gold pieces
 30404 | Orc:2    | Found a staircase to the Elven Halls.
 30418 | Orc:2    | Paralysed by an orc sorcerer for 3 turns
 30960 | Orc:2    | Noticed an orc warlord
 31028 | Orc:1    | Killed an orc warlord
 31442 | Orc:2    | Found Kyxud's Antique Weapon Boutique.
 31725 | Orc:2    | Found Qivex's Jewellery Boutique.
 31861 | Orc:2    | Reached skill level 10 in Air Magic
 31861 | Orc:2    | Reached XP level 15. HP: 96/96 MP: 39/39
 31870 | Orc:2    | Learned a level 7 spell: Ozocubu's Refrigeration
 31877 | Orc:2    | Learned a level 6 spell: Iron Shot
 31886 | Orc:2    | Learned a level 8 spell: Maxwell's Capacitive Coupling
 32001 | Snake:1  | Entered Level 1 of the Snake Pit
 32307 | Snake:1  | Reached skill level 1 in Earth Magic
 33005 | Snake:1  | Found Xakhept's Book Emporium.
 33151 | Snake:1  | Reached XP level 16. HP: 26/105 MP: 39/40
 33434 | Snake:1  | Reached skill level 15 in Spellcasting
 33753 | Snake:1  | Got Sif Muna's Atlas of the Legion
 35524 | Snake:2  | Reached skill level 17 in Ice Magic
 35618 | Snake:2  | HP: 2/105 [salamander/+0 trident (4)]
 35618 | Snake:2  | Mangled by a salamander

Illustrated notes

Levels and vault maps discovered:
D:1:      heliophobic_arrival_ceremonial_halls, layout_loops_ring
D:2:      layout_basic, chequers_ecumenical_altar_simple, uniq_robin
D:3:      layout_rooms, mainiacjoe_overflow_boulevard, uniq_ijyb
D:4:      layout_cave_pools, amcnicky_altar_gilded, kennysheep_generic_room_6
D:5:      layout_basic, mainiacjoe_overflow_swirl, nzn_hepliaklqana_mist_gate,
          uniq_pikel, uniq_duvessa
D:6:      layout_basic, nicolae_uskayaw_en_pointe, minmay_temple_entry_wispy,
          minmay_ruffians
D:7:      layout_loops_ring, mainiacjoe_overflow_24_doors,
          mainiacjoe_overflow_brackets, serial_undead, serial_undead_d,
          serial_undead_b, serial_undead_a, serial_undead_f,
          minmay_misc_feat_diagonals
D:8:      layout_cave_pools, zin_angel, enter_bailey_7, uniq_prince_ribbit1
D:9:      layout_roguey
D:10:     layout_basic, roderic_serpentine_path
D:11:     layout_grid_maze, erik_lair_island, david_orc_3, grunt_ministairs_2,
          uniq_sonja
D:12:     layout_roguey
Lair:1:   layout_regular_city, serial_bayou_crossing, grunt_megastairs_3,
          uniq_amaemon
Lair:2:   layout_gridlike, minmay_snake_entry_guardpost_medium,
          nicolae_volcano_entry_hallway, small_statue_intersection,
          bobbens_dragon_lair_wall, uniq_gastronok, uniq_maggie
Lair:3:   gammafunk_cloud_chamber, layout_layer_cave,
          nicolae_swamp_entry_splash_gauntlet
Lair:4:   cheibrodos_lair_overgrown_chateau, layout_regular_city,
          dpeg_slime_entry_corner, gauntlet_entry_generic, grunt_megastairs_1
Lair:5:   evil_forest, layout_loops_ring, dreamdust_deal_with_the_devil,
          grunt_megastairs_4, uniq_nessos
Snake:1:  layout_chambers, serial_shops, nicolae_shop_waterfront
Snake:2:  layout_chambers
Orc:1:    layout_caves
Orc:2:    grunt_orc_gardens, layout_caves, grunt_orc_garden, grunt_orc_garden,
          grunt_orc_garden, grunt_orc_garden, basic_altar,
          nicolae_orc_crystal_geode

Skill      XL: |  1  2  3  4  5  6  7  8  9 10 11 12 13 14 15 16 |
---------------+-------------------------------------------------+-----
Spellcasting   | 2 3 4 5 6 7 9 10 12 13 14 15 | 15.1
Ice Magic      | 4 5 6 7 9 10 12 13 14 15 16 17 | 17.0
Air Magic      | 5 7 10 | 10.6
Conjurations   | 4 6 7 |  7.6
Earth Magic    | 2 3 |  3.2
Dodging        | |  1.7
Stealth        | |  1.7

Action                   |  1- 3 |  4- 6 |  7- 9 | 10-12 | 13-15 | 16-18 || total
-------------------------+-------+-------+-------+-------+-------+-------++-------
Melee: Unarmed           |    24 |     7 |       |       |       |       ||    31
       Punch             |     1 |       |     2 |     3 |       |       ||     6
       Dagger            |       |    72 |   119 |       |       |       ||   191
       Falchion          |       |       |   133 |    86 |       |       ||   219
       Trident           |       |       |       |   202 |    81 |       ||   283
 Cast: Freeze            |    77 |    46 |    58 |    40 |    81 |     5 ||   307
       Frozen Ramparts   |       |    10 |    40 |    74 |    41 |     3 ||   168
       Ozocubu's Armour  |       |     9 |    26 |    57 |    17 |     1 ||   110
       Hailstorm         |       |     1 |       |   124 |   123 |    15 ||   263
       Lightning Bolt    |       |       |       |     4 |   368 |    65 ||   437
       Swiftness         |       |       |       |       |     3 |       ||     3
Evoke: Wand              |       |     4 |     4 |     7 |     3 |       ||    18
  Use: Scroll            |       |     6 |     2 |    17 |    17 |     1 ||    43
       Potion            |       |       |       |     4 |     2 |       ||     6
 Stab: Sleeping          |       |     3 |     3 |       |       |       ||     6
       Distracted        |       |       |       |     1 |     1 |       ||     2
Armor: Robe              |    23 |    30 |   125 |   186 |   193 |    13 ||   570
Dodge: Dodged            |    76 |    69 |   176 |   297 |   262 |    19 ||   899
       Repelled          |       |       |     5 |     7 |       |       ||    12
